Match 41114489
Unlisted

Match 41114489
End
Construct Section Command Post
Selects Air and Sea Battlegroup
Dingo Light Scout Car
Vickers Machine Gun Team
Infantry Section
Selects Supply Surplus
Construct Resource Cache
Infantry Section
Construct Platoon Command Post
Selects Commando Section Paradrop
Commando Section Paradrop
Construct Company Command Post
Unlock M3 Grant Medium Tanks
Selects Commando Support Section Paradrop
M3 Grant Medium Tank
Construct Field Infirmary
Construct Resource Cache
Forward Retreat Point
Armored Vehicle Training
Infantry Training
Selects Anti-tank Rocket Loiter
Anti-tank Rocket Loiter
TacticalVanguard
Rodey
dX
Меткић'94
Victor #52
Insurmountable Odds
simiver
Herald of Salt
0
0

Comments sign in to comment!

No comments posted yet!